 Dungeon Crawl Stone Soup version 0.29.0-4-gdea44cf6ec (webtiles) character file.

Game seed: 9240132729961962332

21 diana the Insei (level 3, 17/17 (28) HPs)
             Began as a Meteoran Transmuter on Aug 27, 2022.
             Quit the game on level 1 of the Dungeon.
             The game lasted 00:01:53 (603 turns).

diana the Insei (Meteoran Transmuter)                Turns: 603, Time: 00:01:54

HP:   17/17 (28)    AC:  2    Str: 12    XL:     3   Next: 17%
MP:   8/8           EV: 12    Int: 16    God:
Gold: 51            SH:  0    Dex: 14    Spells: 7/8 levels left

rFire   . . .      SeeInvis .     - Unarmed
rCold   . . .      Faith    .   (no shield)
rNeg    . . .      Spirit   .   a - +0 robe
rPois   .          Reflect  .   (no helmet)
rElec   .          Harm     .   (no cloak)
rCorr   .          Rampage  .   (no gloves)
Will    .....                   (no boots)
Stlth   +.........              (no amulet)
HPRegen 0.05/turn               (no ring)
MPRegen 0.11/turn               (no ring)

@: glowing, very heavily drained
A: sense surroundings 1, otherworldly, glowing, explore regen
a: no special abilities


You were on level 1 of the Dungeon.
You visited 1 branch of the dungeon, and saw 1 of its levels.

You collected 51 gold pieces.

Inventory:

Armour
 a - a +0 robe (worn)
 f - a scarf of repulsion
Scrolls
 c - 2 scrolls of teleportation {unknown}
 e - a scroll of noise {unknown}
Potions
 b - a potion of lignification
 d - a potion of resistance {unknown}


   Skills:
 + Level 1.5 Fighting
 + Level 2.8 Dodging
 + Level 3.9 Unarmed Combat
 + Level 3.0 Spellcasting
 + Level 2.8 Transmutations


You had 7 spell levels left.
You knew the following spells:

 Your Spells              Type           Power      Damage    Failure   Level
a - Beastly Appendage     Tmut           22%        N/A       6%          1

Your spell library contained the following spells:

 Spells                   Type           Power      Damage    Failure   Level
 Wereblood                Tmut           11%        N/A       9%          2
 Spider Form              Tmut/Pois      6%         N/A       32%         3
 Stone Arrow              Conj/Erth      4%         3d7       50%         3
 Ice Form                 Ice/Tmut       6%         N/A       71%         4
 Animate Armour           Summ/Erth      4%         N/A       88%         4
 Lehudib's Crystal Spear  Conj/Erth      1%         10d2      100%        8


Dungeon Overview and Level Annotations

Branches:
Dungeon (1/15) Zot: 200

Altars:


Innate Abilities, Weirdness & Mutations

You passively map a small area around you.
You are easily found by Zot.
You glow in the dark.
You regain HP and MP as you explore.


Message History

The kobold is severely wounded.
The kobold hits you but does no damage.
You punch the kobold!
You kill the kobold!
No target in view!
No target in view!
No target in view!
No target in view!
Things that are here:
a +0 dagger; a stone; a kobold corpse A kobold comes into view.
It is wielding a +0 short sword.
The kobold shouts!
A kobold is nearby!
Unknown command.
(D) Dungeon
Where to? (? - help)
A kobold is nearby!
You fail to extend your transformation any further.
Your transformation is almost over.
The kobold throws a stone.
The stone completely misses you. The kobold barely misses you.
You closely miss the kobold. The kobold barely misses you.
You punch the kobold!
You kill the kobold!
No target in view!
No target in view!
No target in view!
(D) Dungeon
Where to? (Enter - D:2, ? - help) Zot has nearly found you.
Suffering is approaching.
Descend or flee this branch!
(D) Dungeon
Where to? (Enter - D:2, ? - help)
Things that are here:
a +0 dagger; a stone; a kobold corpse Your horns disappear.
Your talons disappear.
Zot's power touches on you...
You feel drained.
Unknown command.
Unknown command.
Are you sure you want to abandon this character and quit the game? (Confirm with "yes".)

* , ########### , #.........# *
#.#######.# # * ####.# #.# #.* ,
#....# #.#####
#.##############.##########......
................@................
#..)###########.###########......
* #...# #####.###########......
###.### #..............##.>....
#...###..............###.#### *
###..##..#######.##..# #.#
##)##..#........#..# #.#
#.....#)..........# #)#
####..#........#..# #.#


There were no monsters in sight!

Vanquished Creatures
  A ball python (D:1)
  3 bats (D:1)
  An endoplasm (D:1)
  3 goblins (D:1)
  2 hobgoblins (D:1)
  2 quokkas (D:1)
  3 kobolds (D:1)
  2 rats (D:1)
17 creatures vanquished.

Notes
Turn   | Place    | Note
-------+----------+-------------------------------------------
     0 | D:1      | diana the Meteoran Transmuter began the quest for the Orb.
     0 | D:1      | Reached XP level 1. HP: 16/16 MP: 5/5
    97 | D:1      | Reached XP level 2. HP: 8/23 MP: 4/6
   501 | D:1      | Glimpsed the power of Zot.
   505 | D:1      | Reached XP level 3. HP: 28/28 MP: 6/8
   551 | D:1      | Glimpsed the power of Zot.
   592 | D:1      | Glimpsed the power of Zot.
   602 | D:1      | Touched by the power of Zot.
   603 | D:1      | Quit the game

Illustrated notes

Levels and vault maps discovered:
D:1:      lemuel_arrival_room, layout_basic, basic_ecumenical_altar

Skill      XL: |  1  2 |
---------------+-------+-----
Spellcasting   | 3 |  3.0
Fighting       | |  1.5
Dodging        | |  2.8
Unarmed Combat | |  3.9
Transmutations | |  2.8

Action                   || total
-------------------------++-------
Melee: Unarmed           ||    27
       Kick              ||     6
       Headbutt          ||     2
 Cast: Beastly Appendage ||    14
Armor: Robe              ||     5
Dodge: Dodged            ||    18
